 Dungeon Crawl Stone Soup version 0.30-a0-612-g150a0467c1 (webtiles) character file.

Game seed: 7339961133463470731

697 kae the Changer (level 7, -4/48 HPs)
             Began as a Demonspawn Transmuter on Jan 8, 2023.
             Slain by a sky beast (6 damage)
             ... on level 6 of the Dungeon.
             The game lasted 00:05:36 (4900 turns).

kae the Changer (Demonspawn Transmuter)             Turns: 4900, Time: 00:05:37

Health: -4/48      AC:  2    Str: 11    XL:     7   Next: 38%
Magic:  10/12      EV: 19    Int: 16    God:
Gold:   237        SH:  0    Dex: 18    Spells: 3/13 levels left

rFire   . . .      SeeInvis .      - Unarmed
rCold   + . .      Faith    .    (shield currently unavailable)
rNeg    . . .      Spirit   .    (body armour currently unavailable)
rPois   .          Reflect  .    (helmet currently unavailable)
rElec   .          Harm     .    (cloak currently unavailable)
rCorr   .          Rampage  .    (gloves currently unavailable)
Will    .....                    (boots currently unavailable)
Stlth   ++                       (no amulet)
HPRegen 0.28/turn                C - ring of protection from cold
MPRegen 0.13/turn                P - ring of poison resistance

@: spider-form (expiring)
A: venomous fangs, tiny, (hooves 1), (spiny 2), subdued magic 1
a: End Transformation


You were on level 6 of the Dungeon.
You were a venomous arachnid creature.
You visited 2 branches of the dungeon, and saw 7 of its levels.

You collected 237 gold pieces.


Innate Abilities, Weirdness & Mutations

You are a venomous arachnid creature.
You have venomous fangs.
You are tiny and dextrous.
Your spellcasting is less reliable in this form.
Your armour is entirely melded.
You are incapable of wielding weapons or throwing items.
((You have large cloven feet.))
((You are mostly covered in sharp spines.))
Your spells are a little easier to cast, but a little less powerful.


   Skills:
 - Level 1.0 Fighting
 - Level 1.7 Dodging
 + Level 4.1 Unarmed Combat
 + Level 3.7 Spellcasting
 * Level 5.0 Transmutations
 * Level 2.9 Ice Magic
 - Level 1.0 Poison Magic


You had 3 spell levels left.
You knew the following spells:

 Your Spells              Type           Power      Damage    Failure   Level
a - Beastly Appendage     Tmut           28%        N/A       7%          1
b - Wereblood             Tmut           14%        N/A       9%          2
c - Spider Form           Tmut/Pois      9%         N/A       30%         3
d - Ice Form              Ice/Tmut       12%        N/A       50%         4

Your spell library contained the following spells:

 Spells                   Type           Power      Damage    Failure   Level
 Ensorcelled Hibernation  Hex/Ice        10%        N/A       28%         2
 Anguish                  Hex/Necr       1%         N/A       94%         4

Inventory:

Missiles
 c - 57 stones
 d - a boomerang
 e - 3 atropa-tipped darts
 m - a throwing net {=f!f}
 p - 6 javelins
Armour
 a - a +1 robe (melded)
 f - a +2 hat (melded)
   (You found it on level 1 of the Dungeon)
Jewellery
 C - a ring of protection from cold (left front pincers)
   (You found it on level 4 of the Dungeon)
 P - a ring of poison resistance (right front pincers)
   (You found it on level 5 of the Dungeon)
Wands
 o - a wand of charming (8)
   (You found it on level 4 of the Dungeon)
Scrolls
 h - 2 scrolls of poison {!r}
 r - 3 scrolls of teleportation {@r4}
 u - a scroll of summoning
 w - a scroll of silence {!r}
Potions
 b - 2 potions of lignification {!q}
 g - 2 potions of resistance
 i - a potion of degeneration {unknown}
 j - a potion of brilliance {unknown}
 k - a potion of attraction {unknown}
 l - a potion of haste {@q3}
 n - a potion of berserk rage {unknown}
 q - a potion of invisibility {unknown}
 s - 3 potions of ambrosia {unknown}
 v - a potion of curing {unknown}

Dungeon Overview and Level Annotations

Branches:
Dungeon (6/15) Zot: 26838  Temple (1/1) D:4 Zot: 5846

Altars:
Ashenzari
Cheibriados
Dithmenos
Fedhas
Gozag
Hepliaklqana
Kikubaaqudgha
Makhleb
Nemelex Xobeh
Okawaru
Qazlal
Sif Muna
Trog
Vehumet
Wu Jian
Yredelemnul

Annotations:
D:5 2 transporters

..###...###......##.#.#
_.....P......###.##.#.#
..###...###..# #.##.#.#
##### #..# #.##.# #.
#..# #.##.# #.####..#
#.# .# #### ###.....>.#
#.# #<..
........#####.# ####
.###...s....#
#...{......#
#........### #..[.....#
#........# #........#
##>#.##### ..#.#


There were no monsters in sight!


Message History

You take 2 damage, and now have 46/48 hp.
Unknown command.
You hit the orc.
The orc is poisoned.
The orc completely misses you.
You bite the orc!
You feel a bit better.
You kill the orc! 😎 HP[+2]
Your hp is fully restored (48).
Unknown command.
You hit the orc.
The orc is poisoned.
You hiss as the wereblood boils in your veins!
The orc completely misses you. 😎 MP[+1] Unknown command.
You bite the orc!
You kill the orc!
You hit the orc.
The orc is poisoned.
The orc barely misses you.
Unknown command.
You hit the orc but do no damage.
The orc looks as sick as possible!
The orc completely misses you.
Unknown command.
You bite the orc!
You kill the orc!
The orc priest completely misses you.
Items here: )))) [[.
Unknown command.
You bite the orc priest!
The orc priest is poisoned.
Your primal bloodlust is almost over.
The orc priest closely misses you.
Unknown command.
You bite the orc priest!
You kill the orc priest!
Your transformation has ended.
Your +2 hat unmelds from your body.
Your +1 robe unmelds from your body.
Your Transmutations skill increases to level 5!
Things that are here:
a +0 flail; an orc corpse; 😎 MP[+1]
Your primal bloodlust has ended.
Found a stone staircase leading down. 😎 MP[+5]
Your mp is fully restored (12).
Unknown command.
c - 57 stones (gained 3)
You now have 237 gold pieces (gained 8).
Found a white marble altar of Elyvilon.
You open the door.
There is an open door here.
There is an open door here.
A sky beast comes into view.
There is a stone staircase leading down here.
A sky beast is nearby!
A sky beast is nearby!
Found an escape hatch in the floor.
Casting: Wereblood (safe; 2% risk of failure)
Confirm with . or Enter, or press ? or * to list all spells.
You turn into a venomous arachnid creature.
Your +2 hat melds into your body.
Your +1 robe melds into your body. 😎 MP[-3]
You lost 3 mp, and now have 9/12 mp.
You barely miss the sky beast. The sky beast misses you.
You hit the sky beast. The sky beast hits you.
The sky beast shocks you. 😕 HP[-11]
You take 11 damage, and now have 37/48 hp.
MASSIVE DAMAGE!! (PAUSE)
A sky beast is nearby!
You hit the sky beast. The sky beast hits you. The sky beast shocks you.
You are too injured to fight recklessly! 😮 HP[-7]
You take 7 damage, and now have 30/48 hp.
Unknown command.
You hit the sky beast but do no damage.
The sky beast is poisoned.
Your transformation is almost over.
The sky beast barely misses you.
You bite the sky beast!
The sky beast looks as sick as possible!
The sky beast hits you. The sky beast shocks you.
* * * LOW HITPOINT WARNING * * *
😨 HP[-10] MP[+1]
You take 10 damage, and now have 20/48 hp.
MASSIVE DAMAGE!! (PAUSE)
You hit the sky beast.
The sky beast looks as sick as possible!
The sky beast flickers out of sight!
Deactivating autopickup; reactivate with Ctrl-A.
Something hits you.
* * * LOW HITPOINT WARNING * * *
Something shocks you.
* * * LOW HITPOINT WARNING * * *
😨 HP[-7]
You take 7 damage, and now have 13/48 hp.
You miss something. Something hits you.
* * * LOW HITPOINT WARNING * * *
Something shocks you.
* * * LOW HITPOINT WARNING * * *
Unknown command. 😱 HP[-8]
You take 8 damage, and now have 5/48 hp.
You miss something. Something hits you.
* * * LOW HITPOINT WARNING * * *
Something shocks you.
You die...

Skill      XL: |  1  2  3  4  5  6  7 |
---------------+----------------------+-----
Transmutations | 2 3 4 5 |  5.0
Unarmed Combat | 3 4 |  4.1
Poison Magic   | 1 |  1.0
Spellcasting   | 3 |  3.7
Ice Magic      | 1 2 |  2.9
Fighting       | |  1.0
Dodging        | |  1.7

Action                   |  1- 3 |  4- 6 |  7- 9 || total
-------------------------+-------+-------+-------++-------
Melee: Unarmed           |    57 |    82 |    38 ||   177
       Kick              |    10 |     5 |       ||    15
       Headbutt          |     4 |     2 |       ||     6
       Punch             |     1 |       |       ||     1
 Cast: Beastly Appendage |    15 |    17 |       ||    32
       Spider Form       |     2 |     8 |     3 ||    13
       Ice Form          |       |     3 |     2 ||     5
       Wereblood         |       |       |     1 ||     1
  Use: Scroll            |       |     6 |     4 ||    10
 Stab: Sleeping          |       |     1 |       ||     1
Armor: Robe              |    21 |     6 |       ||    27
       Skin              |       |     3 |     2 ||     5
Dodge: Dodged            |    41 |    44 |    20 ||   105

Levels and vault maps discovered:
D:1:      dpeg_arrival_lava_altar, layout_basic
D:2:      layout_basic, st_stairs_1
D:3:      layout_basic, okawaru_ov_weapons_minmay,
          shapermc_ecumenical_altar_starsandcircs, nicolae_hexahallways
D:4:      layout_rooms, mainiacjoe_overflow_six_doors_small,
          nicolae_overflow_crystal_walls, jmf_multi_god_temple,
          minmay_temple_entry_hall, uniq_sigmund
D:5:      gammafunk_wand_slinger, layout_gridville, palyth_stone_intersect
D:6:      layout_basic, elyvilon_altar_1, nicolae_ru_the_path_less_chosen,
          uniq_pikel
Temple:   hellmonk_temple_forest_ring

Notes
Turn   | Place    | Note
-------+----------+-------------------------------------------
     0 | D:1      | kae the Demonspawn Transmuter began the quest for the Orb.
     0 | D:1      | Reached XP level 1. HP: 15/15 MP: 3/3
     0 | D:1      | magus.rc [v1.11.3]
    62 | D:1      | HP: 3/15 [dart slug/slug dart (6)]
    69 | D:1      | Reached skill level 2 in Transmutations
   226 | D:1      | Gained mutation: You are partially covered in sharp spines.
                  | [demonic ancestry]
   226 | D:1      | Reached XP level 2. HP: 20/21 MP: 3/5
   470 | D:1      | Reached skill level 3 in Unarmed Combat
   483 | D:1      | Reached XP level 3. HP: 26/26 MP: 6/6
   486 | D:1      | Learned a level 2 spell: Wereblood
   490 | D:1      | Learned a level 3 spell: Spider Form
   496 | D:1      | You pick up a book of Dreams and begin reading...
   496 | D:1      | You add the spells Ensorcelled Hibernation and Anguish to
                  | your library.
   798 | D:2      | Reached skill level 1 in Poison Magic
   976 | D:2      | Reached skill level 3 in Transmutations
   976 | D:2      | Gained mutation: You are mostly covered in sharp spines.
                  | [demonic ancestry]
   976 | D:2      | Reached XP level 4. HP: 32/32 MP: 3/7
  1952 | D:3      | Found a faded altar of an unknown god.
  2189 | D:3      | Found an iron altar of Okawaru.
  2697 | D:4      | Reached XP level 5. HP: 10/37 MP: 2/9
  2893 | D:4      | Reached skill level 3 in Spellcasting
  2898 | D:4      | Learned a level 4 spell: Ice Form
  2949 | D:4      | Found an ancient bone altar of Kikubaaqudgha.
  3008 | D:4      | Found a staircase to the Ecumenical Temple.
  3014 | Temple   | Entered the Ecumenical Temple
  3177 | D:4      | HP: 8/37 [iguana (13)]
  3352 | D:4      | Identified the +2 ring mail of the Kangaroo {Harm}
  3449 | D:4      | Noticed Sigmund
  3462 | D:4      | Killed Sigmund
  3463 | D:4      | Reached skill level 4 in Transmutations
  3463 | D:4      | Reached skill level 1 in Ice Magic
  3463 | D:4      | Gained mutation: You have large cloven feet. [demonic
                  | ancestry]
  3463 | D:4      | Reached XP level 6. HP: 43/43 MP: 5/10
  3671 | D:4      | Found a hazy altar of Hepliaklqana.
  3673 | D:4      | Found a shimmering blue altar of Sif Muna.
  3837 | D:5      | Entered Level 5 of the Dungeon
  3837 | D:5      | Noticed an ice beast
  3915 | D:5      | Gained mutation: Your spells are a little easier to cast,
                  | but a little less powerful. [mutagenic glow]
  3921 | D:5      | Reached skill level 2 in Ice Magic
  4058 | D:5      | Reached skill level 4 in Unarmed Combat
  4108 | D:5      | Found a transporter.
  4133 | D:5      | Reached XP level 7. HP: 48/48 MP: 4/12
  4357 | D:5      | Noticed a kobold demonologist
  4373 | D:5      | Found a transporter.
  4770 | D:6      | Reached skill level 5 in Transmutations
  4899 | D:6      | HP: 11/48 [something (3)]
  4899 | D:6      | HP: 5/48 [something (6)]
  4900 | D:6      | HP: 2/48 [something (3)]
  4900 | D:6      | Slain by a sky beast

Vanquished Creatures
  Sigmund (D:4)
  An ice beast (D:5)
  A necrophage (D:5)
  A scorpion (D:5)
  A hound (D:4)
  A jelly (D:4)
  An orc priest (D:6)
  2 iguanas
  An orc wizard (D:6)
  2 gnolls
  6 adders
  A white imp (D:5)
  3 dart slugs
  2 worms
  5 orcs
  2 ball pythons
  5 bats
  4 endoplasms
  2 giant cockroaches (D:1)
  5 goblins
  5 hobgoblins
  6 jackals
  2 quokkas
  6 frilled lizards
  6 kobolds
  4 rats
76 creatures vanquished.

Table legend:
 A = Non-vault XP
 B = Vault XP
 C = Vault XP percentage of total XP
 D = Non-vault monster count
 E = Vault monster count
 F = Vault count percentage of total count
                 A         B        C        D         E       F
            +---------+---------+-------+---------+---------+-------
      Total |     743 |     254 |  25.5 |      70 |       6 |   7.9
            +---------+---------+-------+---------+---------+-------
        D:1 |      57 |       0 |   0.0 |      23 |       0 |   0.0
        D:2 |      50 |       5 |   9.1 |      15 |       3 |  16.7
        D:3 |      51 |       0 |   0.0 |      15 |       0 |   0.0
        D:4 |     139 |     249 |  64.2 |       5 |       3 |  37.5
        D:5 |     361 |       0 |   0.0 |       7 |       0 |   0.0
        D:6 |      85 |       0 |   0.0 |       5 |       0 |   0.0
            +---------+---------+-------+---------+---------+-------

Illustrated notes

Table legend:
 A = Kills in this place as a percentage of kills in entire the game.
 B = Kills by you in this place as a percentage of kills by you in the entire game.
 C = Kills by friends in this place as a percentage of kills by friends in the entire game.
 D = Other kills in this place as a percentage of other kills in the entire game.
 E = Experience gained in this place as a percentage of experience gained in the entire game.
 F = Experience gained in this place divided by the number of levels of this place that you have seen.
                   A       B       C       D       E      F
               +-------+-------+-------+-------+-------+----------------------
         Total | 100.0 | 100.0 |   N/A |   N/A | 100.0 | 142.4
       Dungeon | 100.0 | 100.0 |   N/A |   N/A | 100.0 | 166.2
               +-------+-------+-------+-------+-------+----------------------

Table legend: (Time is in decaauts)
 A = Elapsed time spent in this place.
 B = Non-inter-level travel time spent in this place.
 C = Inter-level travel time spent in this place.
 D = Time resting spent in this place.
 E = Time spent auto-exploring this place.
 F = Levels seen in this place.
 G = Mean time per level.
                   A        B        C        D        E       F      G
               +--------+--------+--------+--------+--------+-----+--------+
         Total |   4893 |   4575 |    318 |     75 |   3855 |   7 |  699.0 |
       Dungeon |   4739 |   4432 |    307 |     75 |   3722 |   6 |  789.8 |
        Temple |    153 |    142 |     11 |      0 |    133 |   1 |  153.0 |
               +--------+--------+--------+--------+--------+-----+--------+

Top non-repeatable levels by time:
     D:4: 1063 daAuts
     D:2: 1057 daAuts
     D:3: 962 daAuts
     D:5: 843 daAuts
     D:1: 650 daAuts
     D:6: 161 daAuts
  Temple: 153 daAuts
